 Dungeon Crawl Stone Soup version 0.18.1-6-gd335043 (webtiles) character file.

94 m0ast the Charmwright (level 4, -1/37 HPs)
             Began as a Ghoul Skald on May 17, 2016.
             Killed from afar by an orc wizard (10 damage)
             ... with a puff of flame
             ... on level 3 of the Dungeon.
             The game lasted 00:11:54 (2772 turns).

m0ast the Charmwright (Ghoul Skald)                 Turns: 2772, Time: 00:11:55

Health: -1/37      AC:  4    Str: 16    XL:     4   Next: 63%
Magic:  1/6        EV: 11    Int:  7    God:
Gold:   146        SH:  0    Dex:  8    Spells: 2 memorised, 4 levels left

rFire  . . .     SeeInvis .       - Unarmed
rCold  + . .     Gourm    .     a - +0 leather armour
rNeg   + + +     Faith    .     (no shield)
rPois  ∞         Spirit   .     (no helmet)
rElec  .         Dismiss  .     j - +0 cloak
rCorr  .         Reflect  .     (no gloves)
SustAt .         Harm     .     (no boots)
MR     .....                    (no amulet)
Stlth  +.........               (no ring)
                                (no ring)

@: infused, very slightly contaminated, rotting, invisible, not resistant to
hostile enchantments, very unstealthy
A: rotting body, claws 1, carnivore 3, cold resistance 1, negative energy
resistance 3, slow regeneration 1, torment resistance, unbreathing
a: no special abilities


You were on level 3 of the Dungeon.
You were not hungry.

You visited 1 branch of the dungeon, and saw 3 of its levels.

You collected 146 gold pieces.

Inventory:

Armour
 a - a +0 leather armour (worn)
 j - a +0 cloak (worn)
Jewellery
 p - a +3 ring of strength {unknown}
Scrolls
 d - a scroll of immolation {unknown}
 e - 3 scrolls of identify {unknown}
 i - a scroll of amnesia {unknown}
 k - a scroll of enchant armour {unknown}
 o - a scroll of fog {unknown}
Potions
 f - a potion of cancellation {unknown}
 h - a potion of resistance {unknown}
 l - a potion of flight {unknown}
 m - a potion of agility {unknown}
Books
 b - a book of Battle

   Spells                             Type                      Level
   a - Infusion                       Charms                       1
   b - Shroud of Golubria             Charms/Translocation         2
   c - Song of Slaying                Charms                       2
   d - Spectral Weapon                Hexes/Charms                 3
   e - Regeneration                   Charms/Necromancy            3
Comestibles
 c - 2 meat rations


   Skills:
 + Level 2.6 Fighting
 + Level 1.1 Armour
 * Level 1.6 Dodging
 + Level 1.6 Stealth
 * Level 2.9 Unarmed Combat
 + Level 2.2 Spellcasting
 + Level 3.1 Charms


You had 4 spell levels left.
You knew the following spells:

 Your Spells              Type           Power        Failure   Level  Hunger
a - Infusion              Chrm           #...         14%         1    ##.....
b - Song of Slaying       Chrm           #.......     21%         2    ###....


Dungeon Overview and Level Annotations

Branches:
Dungeon (3/15)

Altars:
Vehumet


Innate Abilities, Weirdness & Mutations

Your body is rotting away.
You thrive on raw meat.
You are immune to poison.
You have sharp fingernails.
You are carnivorous and can eat meat at any time.
Your flesh is cold resistant.
You are immune to negative energy.
You regenerate slowly when monsters are visible.
You are immune to unholy pain and torment.
You can survive without breathing.


Message History

You miss something.
An orc wizard appears from thin air!
Reactivating autopickup.
The orc wizard closely misses you.
You scratch the orc wizard but do no damage.
The orc wizard is moderately wounded.
The orc wizard closely misses you.
You catch the helpless orc wizard completely off-guard!
You scratch the orc wizard.
The orc wizard is moderately wounded.
The orc wizard barely misses you.
You closely miss the orc wizard.
The orc wizard is moderately wounded.
The orc wizard gestures at you while chanting.
The magic dart hits you!
* * * LOW HITPOINT WARNING * * *
You scratch the orc wizard!
The orc wizard is severely wounded.
The orc wizard gestures at you while chanting.
The puff of flame hits you!
You die...

## .)# ....
####..P.. #...
#.....P♣ #...##.
###@#.#.... #.....
#<#o# # . #....#
#.#o#
#.<..#########)#o#
#...###...#....#g#
#....##.#.#.o....#
......gg.g.o>#####
........######
....#####


You could see an orc wizard, 2 orcs and a goblin.

Vanquished Creatures
  3 adders (D:2)
  An ooze (D:1)
  2 worms (D:2)
  2 dart slugs
  2 orcs (D:3)
  A giant cockroach (D:1)
  4 goblins
  5 hobgoblins
  4 jackals (D:2)
  10 kobolds
  4 bats
  3 giant newts
  13 rats
54 creatures vanquished.

Vanquished Creatures (others)
  A kobold (D:1)
1 creature vanquished.

Grand Total: 55 creatures vanquished

Notes
Turn   | Place    | Note
--------------------------------------------------------------
     0 | D:1      | m0ast the Ghoul Skald began the quest for the Orb.
     0 | D:1      | Reached XP level 1. HP: 17/17 MP: 2/2
    18 | D:1      | Reached skill level 1 in Armour
    63 | D:1      | Reached skill level 1 in Dodging
   299 | D:1      | Reached XP level 2. HP: 9/24 MP: 0/3
   994 | D:1      | Reached XP level 3. HP: 28/30 MP: 0/5
  1476 | D:2      | Learned a level 2 spell: Song of Slaying
  1612 | D:2      | Reached skill level 1 in Stealth
  1679 | D:2      | Reached skill level 3 in Charms
  1768 | D:2      | Found a radiant altar of Vehumet.
  1913 | D:2      | Reached XP level 4. HP: 28/37 MP: 6/6
  2772 | D:3      | Killed from afar by an orc wizard

Skill      XL: |  1  2  3 |
---------------+----------+-----
Armour         | 1 |  1.1
Dodging        | 1 |  1.6
Spellcasting   | 2 |  2.2
Stealth        | 1 |  1.6
Charms         | 3 |  3.1
Fighting       | |  2.6
Unarmed Combat | |  2.9

Action                   |  1- 3 |  4- 6 || total
-------------------------+-------+-------++-------
Melee: Unarmed           |   101 |    63 ||   164
       Punch             |     1 |     2 ||     3
 Cast: Infusion          |    15 |     6 ||    21
       Song of Slaying   |     1 |     2 ||     3
  Use: Potion            |       |     1 ||     1
 Stab: Sleeping          |       |     4 ||     4
       Invisible         |       |     1 ||     1
  Eat: Chunk             |     8 |     4 ||    12
Armor: Leather armour    |    37 |    16 ||    53
Dodge: Dodged            |    81 |    32 ||   113
